 Dungeon Crawl Stone Soup version 0.30-b1-2-g02819fbbbe (webtiles) character file.

Game seed: 12807955105161782151

206459 LLlMATKO the Warrior (level 18, -2/255 (259) HPs)
             Began as a Minotaur Berserker on Nov 1, 2023.
             Was a High Priest of Trog.
             Slain by a pharaoh ant (5 damage)
             ... on level 4 of the Spider Nest.
             The game lasted 00:41:42 (38017 turns).

LLlMATKO the Warrior (Minotaur Berserker)          Turns: 38017, Time: 00:41:43

HP:   -2/255 (259)  AC:  8    Str: 35    XL:     18   Next: 7%
MP:   0/17          EV: 17    Int:  4    God:    Trog [*****.]
Gold: 2206          SH: 20    Dex: 17    Spells: 17/17 levels left

rFire   + . .        K - +3 broad axe (heavy)
rCold   . . .        U - +0 tower shield
rNeg    . . .        k - +1 plate armour {rF+}
rPois   +            (helmet restricted)
rElec   +            M - +2 cloak "Qahoitog" {Dex+6}
rCorr   .            G - +2 pair of gloves
SInv    +            O - +0 pair of boots "Paqenlum" {Rampage rElec Dex-4 SInv}
Will    ++...        l - amulet of Lady Luck {Spirit Dex+3} Stlth
                     r - ring of Mymuteti {rPois Will+ Str+6 Dex-5 Stlth+}
HPRegen 0.62/turn    W - +6 ring of dexterity
MPRegen 0.15/turn

%: guardian spirit, rampage
@: berserking, about to teleport, spiked, corroded, studying Staves, lightly
drained, very quick
A: horns 2, retaliatory headbutt
}: 1/15 runes: decaying
a: Renounce Religion, Berserk, Trog's Hand, Brothers in Arms


You were on level 4 of the Spider Nest.
You worshipped Trog.
Trog was extremely pleased with you.
You visited 5 branches of the dungeon, and saw 30 of its levels.

You collected 3472 gold pieces.
You spent 1266 gold pieces at shops.

Inventory:

Hand Weapons
 a - a +1 broad axe of flaming
 K - a +3 heavy broad axe (weapon)
 S - a +0 broad axe of electrocution
Missiles
 v - 9 atropa-tipped darts (quivered)
 w - 38 poisoned darts
 P - 6 throwing nets
 V - 6 javelins
Armour
 k - a +1 plate armour of fire resistance (worn)
 G - a +2 pair of gloves (worn)
 M - the +2 cloak "Qahoitog" (worn) {Dex+6}
   (You found it on level 8 of the Dungeon)

   Dex:       It affects your dexterity (+6).
 O - the +0 pair of boots "Paqenlum" (worn) {Rampage rElec Dex-4 SInv}
   (You bought it in a shop on level 2 of the Orcish Mines)

   Dex:       It affects your dexterity (-4).
   rElec:     It insulates you from electricity.
   SInv:      It lets you see invisible.
   Rampage:   It bestows one free step when moving towards enemies.
 U - a +0 tower shield (worn)
Jewellery
 e - a ring of resist corrosion
 g - a ring of willpower
 l - the amulet of Lady Luck (around neck) {Spirit Dex+3}
   (You found it on level 11 of the Dungeon)

   [amulet of guardian spirit]

   It causes incoming damage to be divided between your reserves of health and
   magic.
   Dex:       It affects your dexterity (+3).
 r - the ring of Mymuteti (left hand) {rPois Will+ Str+6 Dex-5 Stlth+}
   (You found it on level 4 of the Lair of Beasts)

   [ring of strength]

   Str:       It affects your strength (+6).
   Dex:       It affects your dexterity (-5).
   rPois:     It protects you from poison.
   Will:      It increases your willpower.
   Stlth:     It makes you more stealthy.
 E - a ring of willpower
 J - an amulet of reflection
 L - a ring of willpower
 Q - a +4 ring of protection
 T - the ring "Fuox" {Ice *Corrode rElec Str+5 Stlth-}
   (You found it on level 13 of the Dungeon)

   [ring of ice]

   It enhances your ice magic.
   Str:       It affects your strength (+5).
   rF:        It makes you vulnerable to fire.
   rC:        It protects you from cold.
   rElec:     It insulates you from electricity.
   *Corrode:  It may corrode you when you take damage.
   Stlth:     It makes you less stealthy.
 W - a +6 ring of dexterity (right hand)
 X - a ring of magical power
Wands
 d - a wand of flame (45)
 f - a wand of quicksilver (5)
 n - a wand of iceblast (6)
 s - a wand of digging (4)
 A - a wand of polymorph (6)
 H - a wand of charming (13)
 R - a wand of mindburst (12)
Scrolls
 i - 8 scrolls of blinking
 j - 4 scrolls of fog
 o - 5 scrolls of teleportation
 p - 2 scrolls of brand weapon
 q - 4 scrolls of poison
 t - 12 scrolls of identify
 u - 8 scrolls of noise
 x - 4 scrolls of fear
 y - 3 scrolls of silence
 C - 3 scrolls of butterflies
 D - 2 scrolls of enchant armour
 Y - a scroll of enchant weapon
Potions
 b - a potion of resistance {unknown}
 c - 19 potions of curing
 h - 7 potions of haste
 m - a potion of cancellation
 z - 8 potions of heal wounds
 B - a potion of might
 F - 3 potions of flight
 N - a potion of invisibility


   Skills:
 + Level 18.7 Fighting
 + Level 18.7 Axes
 + Level 18.6 Armour
 + Level 17.2 Dodging
 + Level 15.4 Shields


You had 17 spell levels left.
You didn't know any spells.
Your spell library was empty.

Dungeon Overview and Level Annotations

Branches:
Dungeon (15/15)            Temple (0/1) D:6            Lair (5/5) D:11
  Swamp (4/4) Lair:2       Spider (4/4) Lair:3        Slime (0/5) Lair:4
    Orc (2/2) D:9             Elf (0/3) Orc:2        Vaults (0/5) D:14
 Depths (0/4) D:15

Altars:
Cheibriados
Dithmenos
Elyvilon
Fedhas
Gozag
Kikubaaqudgha
Makhleb
Nemelex Xobeh
Qazlal
Uskayaw
Wu Jian
Xom
The Shining One
Jiyva

Shops:
D:2 !![(?   D:4 ?(*[   D:13 :   Orc:2 [***(*

Annotations:
D:10 2 transporters


Innate Abilities, Weirdness & Mutations

You have a pair of horns on your head.
You reflexively headbutt those who attack you in melee.


Message History

The entropy weaver closely misses you. You furiously retaliate!
You headbutt the entropy weaver.
You block the entropy weaver's attack. x2
The entropy weaver barely misses you.
Unknown command.
You barely miss the pharaoh ant. You headbutt the pharaoh ant!!
The pharaoh ant is heavily damaged.
You open the entropy weaver like a pillowcase!!!
You kill the entropy weaver!
Trog accepts your kill.
Trog appreciates your killing of a magic user.
You slice the steelbarb worm!! You completely miss the entropy weaver.
You slash the steelbarb worm! You block the pharaoh ant's attack.
You block the entropy weaver's attack. The entropy weaver misses you.
You block the entropy weaver's attack. The entropy weaver hits you!
* * * LOW HITPOINT WARNING * * *
You block the steelbarb worm's attack. The steelbarb worm hits you!
* * * LOW HITPOINT WARNING * * *
Barbed spikes become lodged in your body.
Unknown command.
You closely miss the pharaoh ant.
The pharaoh ant is heavily damaged.
You barely miss the steelbarb worm. You closely miss the entropy weaver.
You slash the steelbarb worm!
You hit the emperor scorpion but do no damage.
You block the pharaoh ant's attack.
The entropy weaver completely misses you.
You block the entropy weaver's attack.
The entropy weaver completely misses you.
You block the entropy weaver's attack. The steelbarb worm hits you.
* * * LOW HITPOINT WARNING * * *
Barbed spikes become lodged in your body.
You block the steelbarb worm's attack.
The emperor scorpion closely misses you.
The emperor scorpion claws you.
* * * LOW HITPOINT WARNING * * *
The emperor scorpion claws you but does no damage.
The pharaoh ant bites you!
* * * LOW HITPOINT WARNING * * *
You feel drained.
You die...

#..##....^....#.........,,,,,,,,,
......#..).#....#.#....,*,,,,,,,,
......#........#.....?.,,,,,,,*,,
..........###......#,****,,,,,,,,
#.....#..##,##....##***,**,,,*,,,
....#...##,,*##....#***,,**,,,,,,
#.......#,,,,*##...#*,,,,,*****,,
.....####,,,,*##).†##,,,,,*,,,,,^
.....#,***,,,,#B@s..#,,,,**,,,,,*
.^...#,,,*#...wwBw......***,,,,,,
.#..##,,**#....wws....##*,***,,,*
...##,,,,*#####......##*,,,,**,,,
...##,,,****,*##.s.###,,*,,,,**,,
..#.##,,,**,,,,.....,,,,**,,****,
.....##,,,,,,,,......,,,,,,** *,
......#,,,,,,,,.......,,,,,*** *,
.....##,,**,,**,,,,,**,,,*,,,****


You could see an emperor scorpion, an entropy weaver, 5 steelbarb worms, 2
demonic crawlers and a pharaoh ant.

Vanquished Creatures
  Mara (Spider:4)
  the Lernaean hydra (Swamp:4)
  Arachne (Spider:4)
  Kirke (Lair:5)
  Roxanne (Swamp:3)
  3 ghost moths
  Louise (Spider:1)
  2 broodmothers
  2 eleionomae
  2 spark wasps
  7 bunyips
  An ettin (Orc:2)
  2 fire dragons
  4 entropy weavers
  An entropy weaver (shapeshifter) (D:15)
  An ice dragon (D:15)
  Harold (D:10)
  Erolcha (D:12)
  24 hydras
  A jorogumo (Spider:3)
  18 two-headed ogres
  3 catoblepae
  A radroach (Spider:1)
  4 ogre magi (Orc:2)
  3 ghost crabs
  7 centaur warriors
  5 boulder beetles
  2 dancing weapons (D:14)
  A death yak (Lair:4)
  7 alligators
  3 orc high priests (Orc:2)
  2 tengu warriors (D:15)
  A spriggan berserker (Swamp:1)
  2 fire crabs
  A skyshark (Lair:4)
  A spectral death yak (Lair:2)
  The ghost of Hedron the Basher, a novice GrFi (D:8)
  5 spriggans
  5 goliath frogs
  8 skeletal warriors
  Amaemon (D:9)
  7 pharaoh ants
  A sixfirhy (D:11)
  9 swamp dragons
  13 orb spiders
  4 bog bodies
  A spriggan druid (Swamp:3)
  6 lindwurms
  4 steelbarb worms
  3 orc knights
  20 ugly things
  A deep elf pyromancer (D:10)
  5 cyclopes
  Pikel (D:7)
  10 wolf spiders
  A manticore (D:10)
  5 orc sorcerers
  2 will-o-the-wisps
  3 moths of wrath
  7 demonic crawlers
  11 black mambas
  10 torpor snails
  6 elephants (Lair:4)
  2 molten gargoyles (Lair:5)
  15 cane toads
  An unseen horror (D:12)
  An orange demon (D:9)
  2 gargoyles (D:14)
  An efreet (D:10)
  A rime drake (Lair:5)
  15 komodo dragons
  A spectral skyshark (Lair:2)
  A meliai (shapeshifter) (D:14)
  7 trolls
  2 polar bears
  A meliai (Spider:4)
  18 tarantellas
  6 hornets
  7 tyrant leeches
  A wolf spider simulacrum (D:15)
  A dream sheep (Lair:4)
  A blink frog (shapeshifter) (D:13)
  23 blink frogs
  4 slime creatures (D:14)
  23 jumping spiders
  16 culicivoras
  A shadow (D:12)
  2 culicivoras (shapeshifter)
  10 wyverns
  51 yaks
  7 hogs (Lair:5)
  3 vampires
  A hog (shapeshifter) (D:10)
  9 basilisks
  3 wraiths
  Grum (D:9)
  35 redbacks
  11 vampire mosquitoes
  13 swamp worms
  Menkaure (D:7)
  An acid dragon (D:11)
  3 wargs
  The ghost of phunky83 the Sneak, an amateur VSBr of Uskayaw (D:4)
  18 water moccasins
  4 hell hounds (Lair:5)
  A spectral yak (Lair:2)
  8 swamp drakes
  A spectral blink frog (Lair:2)
  2 black bears
  2 ice beasts
  22 orc warriors
  A sky beast (D:6)
  31 ogres
  15 wolves
  16 centaurs
  2 lemures (D:7)
  A kobold brigand (D:7)
  A phantom (D:5)
  A spectral water moccasin (Lair:2)
  11 bullfrogs
  2 gnoll sergeants
  A scorpion (D:6)
  9 killer bees
  5 electric eels
  7 howler monkeys
  4 lava snakes (Lair:5)
  A gnoll bouda (D:4)
  6 jellies
  18 orc priests
  A hound (D:4)
  2 sleepcaps (D:6)
  4 iguanas
  18 orc wizards
  23 gnolls
  6 adders
  A shadow imp (D:8)
  2 ufetubi
  3 worms (D:2)
  64 orcs
  9 ball pythons
  6 endoplasms
  6 giant cockroaches
  3 goblins
  10 hobgoblins
  A quokka (D:5)
  2 frilled lizards
  8 kobolds
  4 rats
  11 briar patches (D:13)
  A butterfly (Lair:1)
947 creatures vanquished.

Vanquished Creatures (collateral kills)
  A swamp dragon (Swamp:4)
  2 orc warriors (Orc:2)
  An orc priest (Orc:2)
  An orc (Orc:2)
5 creatures vanquished.

Vanquished Creatures (others)
  A bloated husk (Swamp:3)
  A culicivora (Spider:2)
  A human (D:5)
  2 briar patches (D:13)
  8 foxfires
  23 fungi
  41 plants
  2 withered plants (D:8)
79 creatures vanquished.

Grand Total: 1031 creatures vanquished

Notes
Turn   | Place    | Note
-------+----------+-------------------------------------------
     0 | D:1      | LLlMATKO the Minotaur Berserker began the quest for the
                  | Orb.
     0 | D:1      | Reached XP level 1. HP: 19/19 MP: 0/0
    37 | D:1      | Reached XP level 2. HP: 27/27 MP: 1/1
   423 | D:1      | Found a faded altar of an unknown god.
   468 | D:1      | Reached XP level 3. HP: 33/33 MP: 2/2
   880 | D:2      | Found Rigohel's Distillery.
  1015 | D:2      | Found Archetu's Magic Scroll Emporium.
  1170 | D:2      | Found Puris's Weapon Boutique.
  1194 | D:2      | Found Igo Wouk's Antique Armour Boutique.
  1400 | D:2      | Reached ** piety under Trog
  1499 | D:2      | Found Oromiz's Distillery.
  1806 | D:3      | Reached XP level 4. HP: 41/41 MP: 3/3
  1856 | D:3      | Found a white marble altar of Elyvilon.
  2111 | D:3      | Found a sparkling altar of Nemelex Xobeh.
  2429 | D:4      | Found a transporter.
  2431 | D:4      | Found a transporter.
  2492 | D:4      | Identified the +1 halberd "Capnu" {venom, rF+ rN+}
  2497 | D:4      | Reached XP level 5. HP: 47/47 MP: 4/4
  2547 | D:4      | Found Eluynis's Antique Armour Emporium.
  2625 | D:4      | Found Amissaxe's Antique Weapon Boutique.
  2680 | D:4      | Found Qocs's General Store.
  2687 | D:4      | Noticed phunky83's ghost (amateur VSBr)
  2789 | D:4      | Found Rerul's Magic Scroll Boutique.
  2857 | D:5      | Entered Level 5 of the Dungeon
  2894 | D:5      | Found an ancient bone altar of Kikubaaqudgha.
  2894 | D:5      | Noticed a human
  2897 | D:5      | Killed a human
  3038 | D:5      | Noticed a phantom
  3042 | D:5      | Reached skill level 5 in Fighting
  3042 | D:5      | Reached skill level 5 in Axes
  3046 | D:5      | Killed a phantom
  3047 | D:5      | Reached XP level 6. HP: 53/56 MP: 5/5
  3167 | D:5      | Reached skill level 5 in Armour
  3167 | D:5      | Reached XP level 7. HP: 49/62 MP: 6/6
  3979 | D:6      | Found a staircase to the Ecumenical Temple.
  4027 | D:6      | Reached skill level 5 in Dodging
  4496 | D:6      | Found a snail-covered altar of Cheibriados.
  4496 | D:6      | Found a shimmering altar of Xom.
  4516 | D:6      | Reached XP level 8. HP: 71/71 MP: 7/7
  5249 | D:7      | Reached *** piety under Trog
  5447 | D:7      | Found a shadowy altar of Dithmenos.
  5465 | D:7      | Noticed Pikel
  5476 | D:7      | Killed Pikel
  5477 | D:7      | Reached XP level 9. HP: 81/81 MP: 8/8
  5556 | D:7      | Identified the staff of poison "Soinn" {Fragile rPois
                  | Int+6}
  6014 | D:7      | Noticed Menkaure
  6020 | D:7      | Killed Menkaure
  6346 | D:7      | Found a glowing golden altar of the Shining One.
  7083 | D:8      | Identified the +2 cloak "Qahoitog" {Dex+6}
  7334 | D:8      | Found a runed translucent door.
  7338 | D:8      | Noticed Hedron's ghost (novice GrFi)
  7728 | D:9      | Reached XP level 10. HP: 91/91 MP: 9/9
  7823 | D:9      | Noticed Grum
  7855 | D:9      | Killed Grum
  7859 | D:9      | Reached **** piety under Trog
  8008 | D:9      | Found a staircase to the Orcish Mines.
  8073 | D:9      | Noticed an orange demon
  8073 | D:9      | Noticed Amaemon
  8093 | D:9      | Killed Amaemon
  8094 | D:9      | Reached skill level 10 in Fighting
  8094 | D:9      | Reached skill level 10 in Axes
  8102 | D:9      | Killed an orange demon
  8255 | D:9      | Noticed a two-headed ogre
  8266 | D:9      | Killed a two-headed ogre
  8267 | D:9      | Reached skill level 10 in Armour
  8479 | D:10     | Entered Level 10 of the Dungeon
  8479 | D:10     | Noticed a two-headed ogre
  8485 | D:10     | Killed a two-headed ogre
  8491 | D:10     | Noticed a seven-headed hydra
  8573 | D:10     | Killed a 14-headed hydra
  8574 | D:10     | Reached XP level 11. HP: 101/101 MP: 10/10
  8595 | D:10     | Noticed a centaur warrior
  8711 | D:10     | Noticed a red ugly thing
  8714 | D:10     | Noticed a brown ugly thing
  8715 | D:10     | Noticed Harold
  8739 | D:10     | Noticed a deep elf pyromancer
  8801 | D:10     | Killed a centaur warrior
  8809 | D:10     | Killed a brown ugly thing
  8863 | D:10     | Killed a brown ugly thing
  8864 | D:10     | Reached skill level 10 in Dodging
  8914 | D:10     | Killed Harold
  9094 | D:10     | Killed a deep elf pyromancer
  9095 | D:10     | Reached skill level 1 in Shields
  9402 | D:10     | Noticed a centaur warrior
  9422 | D:10     | Killed a centaur warrior
  9621 | D:10     | Noticed a two-headed ogre
  9634 | D:10     | Killed a two-headed ogre
  9710 | D:10     | Found a transporter.
  9713 | D:10     | Noticed an ice dragon
  9726 | D:10     | Found a stormy altar of Qazlal.
  9727 | D:10     | Found a blossoming altar of Fedhas.
  9727 | D:10     | Found a hide-covered altar of Uskayaw.
  9743 | D:10     | Found a transporter.
 10313 | D:11     | Found a staircase to the Lair.
 10686 | D:11     | Reached XP level 12. HP: 110/112 MP: 11/11
 10701 | D:11     | Found a runed translucent door.
 11030 | Lair:1   | Entered Level 1 of the Lair of Beasts
 11260 | Lair:1   | Noticed a catoblepas
 11292 | Lair:1   | Killed a catoblepas
 11491 | Lair:1   | Reached skill level 5 in Shields
 12181 | Lair:2   | Identified 2 scrolls of acquirement
 12181 | Lair:2   | Acquired a +3 heavy war axe
 12187 | Lair:2   | Acquired a +1 broad axe of flaming
 12477 | Lair:2   | Noticed a ghost crab
 12478 | Lair:2   | Noticed a ghost crab
 12491 | Lair:2   | Killed a ghost crab
 12496 | Lair:2   | Killed a ghost crab
 12608 | Lair:2   | Found a staircase to the Swamp.
 12895 | Lair:3   | Reached XP level 13. HP: 122/122 MP: 12/12
 12979 | Lair:3   | Reached ***** piety under Trog
 13054 | Lair:3   | Found a hole to the Spider Nest.
 14061 | Lair:4   | Found a staircase to the Slime Pits.
 14064 | Lair:4   | Found a viscous altar of Jiyva.
 16832 | Lair:4   | Reached XP level 14. HP: 115/133 MP: 13/13
 16876 | Lair:4   | Identified the staff of air "Didotec" {rElec rPois rF- rN+}
 16877 | Lair:4   | Identified the ring of Mymuteti {rPois Will+ Str+6 Dex-5
                  | Stlth+}
 17303 | Lair:4   | Found a staircase to the Slime Pits.
 17304 | Lair:4   | Found a viscous altar of Jiyva.
 18408 | Lair:5   | Entered Level 5 of the Lair of Beasts
 18432 | Lair:5   | Received a gift from Trog
 19132 | Lair:5   | Noticed Kirke
 19415 | Lair:5   | Killed Kirke
 19517 | Lair:5   | Reached skill level 10 in Shields
 19626 | Lair:5   | Reached skill level 15 in Fighting
 19627 | Lair:5   | Reached skill level 15 in Axes
 20188 | Lair:5   | Found a large runed translucent door.
 20189 | Lair:5   | Found a large runed translucent door.
 20394 | Lair:5   | Reached skill level 15 in Armour
 21308 | D:11     | Identified the amulet of Lady Luck {Spirit Dex+3}
 21450 | D:12     | Identified the +3 chain mail of the Gloaming {Stlth+}
 21500 | D:12     | Noticed Erolcha
 21505 | D:12     | Killed Erolcha
 21792 | D:12     | Found an ornate altar of the Wu Jian Council.
 22099 | Orc:1    | Entered Level 1 of the Orcish Mines
 22651 | Orc:2    | Entered Level 2 of the Orcish Mines
 22651 | Orc:2    | Found Xakuv's Mass Market.
 22651 | Orc:2    | Found a staircase to the Elven Halls.
 22731 | Orc:2    | Reached XP level 15. HP: 14/140 MP: 1/14
 22996 | Orc:2    | Bought a +0 tower shield for 54 gold pieces
 23290 | Orc:2    | Found Tiny Gatz's Weapon Shoppe.
 23342 | Orc:2    | Found a burning altar of Makhleb.
 23363 | Orc:2    | Received a gift from Trog
 23776 | Orc:2    | Received a gift from Trog
 23991 | Orc:2    | Found Viymeh's Antique Armour Shoppe.
 23991 | Orc:2    | Found Humy's General Store.
 23992 | Orc:2    | Found Goeggai's General Store.
 23992 | Orc:2    | Found Saihaac's General Store.
 24060 | Orc:2    | Bought the +0 pair of boots "Paqenlum" {Rampage rElec Dex-4
                  | SInv} for 228 gold pieces
 24691 | D:4      | Killed phunky83's ghost
 24970 | D:8      | Killed Hedron's ghost
 25121 | D:13     | Found a transporter.
 25273 | D:13     | Found a transporter.
 25329 | D:13     | Found Yqephac's Book Shoppe.
 25445 | D:13     | Identified the ring "Fuox" {Ice *Corrode rElec Str+5
                  | Stlth-}
 26387 | D:14     | Reached skill level 15 in Dodging
 26469 | D:14     | Found a gate to the Vaults.
 26704 | D:15     | Entered Level 15 of the Dungeon
 26961 | D:15     | Received a gift from Trog
 27164 | D:15     | Reached XP level 16. HP: 152/152 MP: 15/15
 27606 | D:15     | Found a staircase to the Depths.
 28046 | D:15     | Found an opulent altar of Gozag.
 28356 | D:13     | Identified the +0 pair of boots of Cowardice {Drain rN+++
                  | MP+9 Int-4}
 28358 | D:13     | Identified the amulet "Sarghiro" {Faith MP+9 Int+3 Dex-5}
 28633 | Swamp:1  | Entered Level 1 of the Swamp
 30496 | Swamp:3  | Identified Roxanne's Precepts of Mud
 30496 | Swamp:3  | Noticed Roxanne
 30693 | Orc:2    | Bought a glowing plate armour for 936 gold pieces
 31357 | Swamp:3  | Received a gift from Trog
 31371 | Swamp:3  | Killed Roxanne
 31398 | Swamp:4  | Entered Level 4 of the Swamp
 32470 | Swamp:4  | Noticed the 27-headed Lernaean hydra
 32669 | Orc:2    | Bought a throwing net for 48 gold pieces
 33147 | Swamp:4  | Reached XP level 17. HP: 66/163 MP: 9/16
 33542 | Swamp:4  | Got a decaying rune of Zot
 33634 | Swamp:4  | Killed the 27-headed Lernaean hydra
 34246 | Spider:1 | Entered Level 1 of the Spider Nest
 34661 | Spider:1 | Noticed Louise
 34667 | Spider:1 | Killed Louise
 34842 | Spider:1 | Received a gift from Trog
 35377 | Spider:2 | Identified the +5 ring mail "Jyroudit" {rPois rN+ Stlth+}
 36466 | Spider:3 | Received a gift from Trog
 36470 | Spider:3 | Reached skill level 15 in Shields
 37571 | Spider:4 | Entered Level 4 of the Spider Nest
 37573 | Spider:4 | Noticed Mara
 37574 | Spider:4 | Noticed Arachne
 37586 | Spider:4 | Noticed LLlMATKO's illusion
 37586 | Spider:4 | Killed Arachne
 37673 | Spider:4 | Killed Mara
 37898 | Spider:4 | Reached XP level 18. HP: 173/173 MP: 17/17
 38017 | Spider:4 | HP: 3/259 [pharaoh ant (10)]
 38017 | Spider:4 | Slain by a pharaoh ant

Illustrated notes

Levels and vault maps discovered:
D:1:      kennysheep_arrival_seaside, layout_basic,
          dilly_ecumenical_altar_fadedgnrine, minmay_small_reverse_x
D:2:      layout_basic, serial_shops, shop, nicolae_shop_rolling_square,
          nicolae_shop_industrial_runoff, shop, shop,
          nicolae_concentric_dashed_squares_mild, wad_floor_pattern_2,
          serial_bayou_pond_c
D:3:      layout_basic, elyvilon_altar_5, nemelex_diamond_rough_becter
D:4:      layout_rooms, gammafunk_ghost_gnarly_gnolls, serial_shops,
          nicolae_shop_window_shopping, shop, shop, nicolae_take_the_stairs
D:5:      kb_forest_paths, layout_basic, tgw_kikubaaqudgha, st_stairs_1
D:6:      layout_basic, gammafunk_temple_overflow_elements,
          minmay_temple_entry_statues_fountains, minmay_starry_boxes
D:7:      layout_basic, general_overflow_altar, lemuel_coloured_pillars_altar,
          uniq_pikel, uniq_menkaure
D:8:      layout_loops_ring, gammafunk_ghost_grave, minmay_orc_keep
D:9:      layout_roguey, orc_0_dummy, uniq_amaemon, uniq_grum
D:10:     layout_basic, gammafunk_temple_overflow_arena, minivault_28,
          uniq_harold
D:11:     cheibrodos_shockbox, layout_irregular_city, david_lair_shrubbed,
          hex_medium, minmay_lindwurm_lava
D:12:     layout_loops_cross, pdpol_wu_jian_five_deadly_venoms, uniq_erolcha
D:13:     gammafunk_worm_tunnel, layout_small_grid, serial_shops, shop
D:14:     layout_rooms, erik_vaults_1, hangedman_abyss_or_decor_stagger,
          serial_curves, eino_curves_04, eino_curves_02
D:15:     grunt_enter_depths_hoard, layout_loops_corners,
          nicolae_gozag_cash_rules_everything_around_me
Lair:1:   layout_roguey, minivault_11, minivault_25, serial_bayou_shore_b,
          lemuel_fruit_fields
Lair:2:   layout_misc_corridors, nicolae_swamp_entry_spooky
Lair:3:   layout_hall_layers, nicolae_spider_entry_orb_guardian,
          grunt_megastairs_5
Lair:4:   nzn_winding_woodlands_huge [nzn_winding_woodlands_5x15_twine,
          nzn_winding_woodlands_5x15_parted, nzn_winding_woodlands_5x15_zeroes,
          nzn_winding_woodlands_5x15_concentric,
          nzn_winding_woodlands_5x15_split_checker,
          nzn_winding_woodlands_5x15_eye, nzn_winding_woodlands_5x15_sidewinder,
          nzn_winding_woodlands_5x15_sawtooth,
          nzn_winding_woodlands_5x15_longhouse,
          nzn_winding_woodlands_5x15_river_crossing,
          nzn_winding_woodlands_center_garden,
          nzn_winding_woodlands_center_pierced_h,
          nzn_winding_woodlands_15x15_boxy_spiral], layout_long_grid,
          nicolae_slime_entry_slimehenge, grunt_forest_small_clearing_treed
Lair:5:   cheibrodos_lair_end_hotspot, layout_cave_pods, st_stairs_7,
          hibernation_bobbens, uniq_kirke
Swamp:1:  layout_falls_marsh, serial_swamp_ruin, evilmike_swamp_ruin_house_4,
          evilmike_swamp_ruin_rubble_2, evilmike_swamp_ruin_house_5
Swamp:2:  layout_falls_marsh, nicolae_swamp_bean_lake
Swamp:3:  layout_basic_swamp, hangedman_swamp_ruin_wall, uniq_roxanne
Swamp:4:  swamp_old_school, layout_basic_swamp, swamp_pool2,
          nicolae_swamp_small_spring
Spider:1: layout_spider_delve, uniq_louise
Spider:2: layout_spider_delve, nicolae_spider_cling_ruins,
          nicolae_spider_not_touching_you
Spider:3: layout_spider_delve
Spider:4: hellmonk_spider_rune_bug_friends, ebering_ghost_rock_garden,
          uniq_mara, uniq_arachne
Orc:1:    layout_caves, basic_altar
Orc:2:    st_orc_ogre_mass, layout_caves, basic_altar, serial_shops,
          nicolae_shop_real_fake_doors, minmay_shop_mass, minmay_orc_temple_c

Skill      XL: |  1  2  3  4  5  6  7  8  9 10 11 12 13 14 15 16 17 |
---------------+----------------------------------------------------+-----
Fighting       | 4 5 6 7 9 10 12 13 14 15 16 17 18 | 18.7
Axes           | 4 5 6 7 9 10 12 13 14 15 16 17 18 | 18.7
Armour         | 3 4 5 6 7 9 10 11 13 14 15 16 17 18 | 18.6
Dodging        | 3 4 5 6 8 9 10 12 13 14 15 16 17 | 17.2
Shields        | 3 6 9 11 12 14 15 | 15.4

Action                     |  1- 3 |  4- 6 |  7- 9 | 10-12 | 13-15 | 16-18 || total
---------------------------+-------+-------+-------+-------+-------+-------++-------
  Melee: Hand axe          |    97 |    62 |   301 |   463 |       |       ||   923
         Headbutt          |    16 |     9 |    56 |   149 |   166 |   164 ||   560
         Punch             |       |       |     4 |     7 |       |       ||    11
         Broad axe         |       |       |       |    78 |   785 |   733 ||  1596
         Unarmed           |       |       |       |       |     7 |       ||     7
  Throw: Dart              |       |       |       |     4 |     2 |     3 ||     9
         Throwing net      |       |       |       |       |       |     3 ||     3
 Invoke: Berserk           |     1 |     2 |     6 |    12 |    12 |     6 ||    39
         Trog's Hand       |       |       |       |     3 |     7 |     5 ||    15
         Brothers in Arms  |       |       |       |       |     2 |     2 ||     4
  Evoke: Wand              |       |       |       |       |       |     1 ||     1
    Use: Scroll            |       |       |       |    13 |    10 |    21 ||    44
         Potion            |       |       |       |       |       |     1 ||     1
   Stab: Distracted        |       |       |       |       |       |     1 ||     1
 Armour: Animal skin       |    18 |     1 |       |       |       |       ||    19
         Ring mail         |       |    34 |     4 |       |       |       ||    38
         Chain mail        |       |       |   133 |       |       |       ||   133
         Plate armour      |       |       |     1 |   312 |   299 |   411 ||  1023
         Fire dragon scale |       |       |       |       |   136 |    76 ||   212
  Dodge: Dodged            |    57 |    42 |   145 |   305 |   580 |   587 ||  1716
  Block: Buckler           |       |       |       |    82 |   224 |       ||   306
         Tower shield      |       |       |       |       |   283 |   930 ||  1213
